Workbook

Sheet Instructions
A1: NoRekey — Categorise bank transactions
A2: All examples are fictional. Replace every example input before using this file for your records.
A3: NoRekey extracts statement transactions; this workbook organises them. It does not file returns or decide tax treatment.
A4: Use one currency unless explicitly instructed otherwise. Amounts: money in positive, money out negative.
A5: Input cells are white. Formula cells are green. Paste values into input columns only.
A6: Working range: rows 2–501 (500 transactions). Extend formulas AND all summary ranges together for larger files.
A7: Check source statements, receipts and categories even if totals match. Keep original exports separately.
A8: Open in Excel or compatible spreadsheet software; allow formula recalculation. No macros or external data connections.
A9: Transactions inputs: A–C, E (reviewer override), G (notes). D and F are formulas. Rules: exact description and category.
A10: Rules working range: rows 2–101. Descriptions must match exactly; unknowns become Review. Keep one rule per description.
A11: Summary uses the final category. For a PivotTable, select the full table, put Final category in Rows and Amount in Values (Sum).
A12: Example full movement 790; known operating payments -620; unresolved payment -40. Keep Review visible.

Sheet Rules
A1: Exact description | B1: Suggested category
A2: Client invoice | B2: Income
A3: Office rent | B3: Rent
A4: Cloud software | B4: Software
A5: Move to savings | B5: Transfer
A6: Personal purchase | B6: Personal

Sheet Transactions
A1: Date | B1: Description | C1: Amount | D1: Suggested category | E1: Reviewer override | F1: Final category | G1: Notes
A2: 46266 | B2: Client invoice | C2: 1800 | D2: =IF(B2="","",IFERROR(VLOOKUP(B2,Rules!$A$2:$B$101,2,FALSE),"Review")) -> Income | F2: =IF(B2="","",IF(E2<>"",E2,D2)) -> Income
A3: 46267 | B3: Office rent | C3: -600 | D3: =IF(B3="","",IFERROR(VLOOKUP(B3,Rules!$A$2:$B$101,2,FALSE),"Review")) -> Rent | F3: =IF(B3="","",IF(E3<>"",E3,D3)) -> Rent
A4: 46268 | B4: Cloud software | C4: -20 | D4: =IF(B4="","",IFERROR(VLOOKUP(B4,Rules!$A$2:$B$101,2,FALSE),"Review")) -> Software | F4: =IF(B4="","",IF(E4<>"",E4,D4)) -> Software
A5: 46269 | B5: Move to savings | C5: -300 | D5: =IF(B5="","",IFERROR(VLOOKUP(B5,Rules!$A$2:$B$101,2,FALSE),"Review")) -> Transfer | F5: =IF(B5="","",IF(E5<>"",E5,D5)) -> Transfer
A6: 46270 | B6: Personal purchase | C6: -50 | D6: =IF(B6="","",IFERROR(VLOOKUP(B6,Rules!$A$2:$B$101,2,FALSE),"Review")) -> Personal | F6: =IF(B6="","",IF(E6<>"",E6,D6)) -> Personal
A7: 46271 | B7: Unknown payment | C7: -40 | D7: =IF(B7="","",IFERROR(VLOOKUP(B7,Rules!$A$2:$B$101,2,FALSE),"Review")) -> Review | F7: =IF(B7="","",IF(E7<>"",E7,D7)) -> Review
D8: =IF(B8="","",IFERROR(VLOOKUP(B8,Rules!$A$2:$B$101,2,FALSE),"Review")) | F8: =IF(B8="","",IF(E8<>"",E8,D8))
D9: =IF(B9="","",IFERROR(VLOOKUP(B9,Rules!$A$2:$B$101,2,FALSE),"Review")) | F9: =IF(B9="","",IF(E9<>"",E9,D9))
D10: =IF(B10="","",IFERROR(VLOOKUP(B10,Rules!$A$2:$B$101,2,FALSE),"Review")) | F10: =IF(B10="","",IF(E10<>"",E10,D10))
D11: =IF(B11="","",IFERROR(VLOOKUP(B11,Rules!$A$2:$B$101,2,FALSE),"Review")) | F11: =IF(B11="","",IF(E11<>"",E11,D11))
D12: =IF(B12="","",IFERROR(VLOOKUP(B12,Rules!$A$2:$B$101,2,FALSE),"Review")) | F12: =IF(B12="","",IF(E12<>"",E12,D12))
D13: =IF(B13="","",IFERROR(VLOOKUP(B13,Rules!$A$2:$B$101,2,FALSE),"Review")) | F13: =IF(B13="","",IF(E13<>"",E13,D13))
D14: =IF(B14="","",IFERROR(VLOOKUP(B14,Rules!$A$2:$B$101,2,FALSE),"Review")) | F14: =IF(B14="","",IF(E14<>"",E14,D14))
D15: =IF(B15="","",IFERROR(VLOOKUP(B15,Rules!$A$2:$B$101,2,FALSE),"Review")) | F15: =IF(B15="","",IF(E15<>"",E15,D15))
D16: =IF(B16="","",IFERROR(VLOOKUP(B16,Rules!$A$2:$B$101,2,FALSE),"Review")) | F16: =IF(B16="","",IF(E16<>"",E16,D16))
D17: =IF(B17="","",IFERROR(VLOOKUP(B17,Rules!$A$2:$B$101,2,FALSE),"Review")) | F17: =IF(B17="","",IF(E17<>"",E17,D17))
D18: =IF(B18="","",IFERROR(VLOOKUP(B18,Rules!$A$2:$B$101,2,FALSE),"Review")) | F18: =IF(B18="","",IF(E18<>"",E18,D18))
D19: =IF(B19="","",IFERROR(VLOOKUP(B19,Rules!$A$2:$B$101,2,FALSE),"Review")) | F19: =IF(B19="","",IF(E19<>"",E19,D19))
... D501: =IF(B501="","",IFERROR(VLOOKUP(B501,Rules!$A$2:$B$101,2,FALSE),"Review")) | F501: =IF(B501="","",IF(E501<>"",E501,D501))

Sheet Summary
A1: Final category | B1: Signed total
A2: Income | B2: =SUMIF(Transactions!F$2:F$501,A2,Transactions!C$2:C$501) -> 1800
A3: Rent | B3: =SUMIF(Transactions!F$2:F$501,A3,Transactions!C$2:C$501) -> -600
A4: Software | B4: =SUMIF(Transactions!F$2:F$501,A4,Transactions!C$2:C$501) -> -20
A5: Bank fees | B5: =SUMIF(Transactions!F$2:F$501,A5,Transactions!C$2:C$501) -> 0
A6: Transfer | B6: =SUMIF(Transactions!F$2:F$501,A6,Transactions!C$2:C$501) -> -300
A7: Personal | B7: =SUMIF(Transactions!F$2:F$501,A7,Transactions!C$2:C$501) -> -50
A8: Review | B8: =SUMIF(Transactions!F$2:F$501,A8,Transactions!C$2:C$501) -> -40
A10: Full movement | B10: =SUM(Transactions!C2:C501) -> 790
A11: Unclassified difference | B11: =B10-SUM(B2:B8) -> 0
